 Dungeon Crawl Stone Soup version 0.29-a0-233-g1125b37a9b (webtiles) character file.

Game seed: 17081163261678788012

20840 jfcaron the Demonic Cataclysm (level 12, -15/95 HPs)
             Began as a Demonspawn Wanderer on Mar 2, 2022.
             Was a High Priest of Qazlal.
             Killed by an exploding dire elephant simulacrum (55 damage)
             ... ignited by their inner flame
             ... in an ice cave.
             The game lasted 00:34:56 (13067 turns).

jfcaron the Demonic Cataclysm (DsWn)               Turns: 13067, Time: 00:34:56

Health: -15/95     AC: 23    Str: 13      XL:     12   Next: 48%
Magic:  21/24      EV:  8    Int: 12 (13) God:    Qazlal [*****.]
Gold:   358        SH: 23    Dex: 18      Spells: 11/11 levels left

rFire   + . .      SeeInvis .   L - +10 falchion of Cruel Justice {flame, rC++ Will+ Str-2 Stlth+}
rCold   + + .      Faith    +   u - +2 tower shield
rNeg    . . .      Spirit   .   m - +1 chain mail
rPois   .          Reflect  .   (helmet restricted)
rElec   .          Harm     .   Q - +2 cloak of Intercession {+Inv Will- Dex+2 Slay+5}
rCorr   .          Rampage  .   r - +0 pair of gloves
Will    +....                   (no boots)
Stlth   ..........              F - amulet of faith
HPRegen 0.25/turn               j - ring of willpower
MPRegen 0.19/turn               y - +4 ring of protection

@: agile, protected from fire, repel missiles
A: horns 1, thin metallic scales 2, demonic guardian 2, powered by pain 3
a: Renounce Religion, Evoke Invisibility, Upheaval, Elemental Force, Disaster
Area


You were in an ice cave.
You worshipped Qazlal.
Qazlal was extremely pleased with you.
You visited 2 branches of the dungeon, and saw 12 of its levels.
You also visited: Ossuary, Bailey and Ice Cave.

You collected 748 gold pieces.
You spent 390 gold pieces at shops.

Inventory:

Hand Weapons
 a - the +7 trident "Eviscerator" {freeze, rC- Dex+7}
   (You found it on level 4 of the Dungeon)

   It freezes those it strikes, dealing additional cold damage.
   It can also slow down cold-blooded creatures.
   Dex:       It affects your dexterity (+7).
   rC:        It makes you vulnerable to cold.
 f - a +5 long sword
 L - the +10 falchion of Cruel Justice (weapon) {flame, rC++ Will+ Str-2 Stlth+}
   (You found it on level 2 of the Dungeon)

   It burns those it strikes, dealing additional fire damage.
   Big, fiery blades are also staple armaments of hydra-hunters.
   Str:       It affects your strength (-2).
   rC:        It greatly protects you from cold.
   Will:      It increases your willpower.
   Stlth:     It makes you more stealthy.
 U - a +0 scimitar
Missiles
 n - 26 poisoned darts
 o - 7 curare-tipped darts {!f}
 O - 3 silver boomerangs
Armour
 m - a +1 chain mail (worn)
 p - the +2 leather armour of the Wilderness {+Blink rPois Int-2}
   (You found it on level 5 of the Dungeon)

   Int:       It affects your intelligence (-2).
   rPois:     It protects you from poison.
   +Blink:    It lets you blink.
 r - a +0 pair of gloves (worn)
 u - a +2 tower shield (worn)
 K - a +0 plate armour
 Q - the +2 cloak of Intercession (worn) {+Inv Will- Dex+2 Slay+5}
   (You found it on level 8 of the Dungeon)

   Dex:       It affects your dexterity (+2).
   Slay:      It affects your accuracy & damage with ranged weapons and melee
   (+5).
   +Inv:      It lets you turn invisible.
   Will:      It decreases your willpower.
Magical Staves
 b - a staff of fire
 k - a staff of air
Jewellery
 j - a ring of willpower (left hand)
 y - a +4 ring of protection (right hand)
 C - the amulet "Ygedunk" {Acrobat rN++ Dex+4 Slay+3 Stlth-}
   (You acquired it on level 8 of the Dungeon)

   [amulet of the acrobat]

   It increases your evasion while moving and waiting.
   Dex:       It affects your dexterity (+4).
   Slay:      It affects your accuracy & damage with ranged weapons and melee
   (+3).
   rN:        It greatly protects you from negative energy.
   Stlth:     It makes you less stealthy.
 F - an amulet of faith (around neck)
 X - the brooch of Shielding {Spirit SH+8}
   (You took it off a tengu conjurer on level 10 of the Dungeon)

   [amulet of guardian spirit]

   It causes incoming damage to be divided between your reserves of health and
   magic.
   SH:        It affects your SH (+8).
 Y - a ring of fire
Wands
 g - a wand of iceblast (23)
 t - a wand of polymorph (18)
 N - a wand of mindburst (4)
Scrolls
 d - 2 scrolls of immolation
 l - 3 scrolls of identify
 D - 3 scrolls of amnesia
 E - a scroll of silence
 G - a scroll of vulnerability
 H - 7 scrolls of teleportation
 J - 2 scrolls of enchant weapon
 P - 2 scrolls of fear
 S - a scroll of enchant armour
 T - a scroll of fog
Potions
 e - 2 potions of attraction
 h - 6 potions of curing
 i - 3 potions of berserk rage
 q - 4 potions of invisibility
 s - 2 potions of heal wounds
 v - a potion of lignification
 w - 3 potions of mutation
 z - 3 potions of brilliance
 A - a potion of cancellation
 B - 5 potions of flight
 I - a potion of magic
 V - a potion of might
 W - a potion of ambrosia
Miscellaneous
 c - a piece from Xom's chessboard (15/15)


   Skills:
 + Level 9.0 Fighting
 - Level 3.6(5.3) Short Blades
 + Level 6.1(6.6) Long Blades
 - Level 1.3 Polearms
 - Level 1.0 Throwing
 + Level 8.2 Armour
 + Level 6.2 Shields
 + Level 16.6 Invocations
 - Level 5.0 Evocations


You had 11 spell levels left.
You didn't know any spells.
Your spell library contained the following spells:

 Spells                   Type           Power      Damage    Failure   Level
 Animate Skeleton         Necr           0%         N/A       100%        1
 Magic Dart               Conj           0%         1d3       100%        1
 Pain                     Necr           0%         1d4       100%        1
 Shock                    Conj/Air       0%         1d3       100%        1
 Slow                     Hex            0%         N/A       100%        1
 Blink                    Tloc           0%         N/A       100%        2
 Call Imp                 Summ           0%         N/A       100%        2
 Ensorcelled Hibernation  Hex/Ice        0%         N/A       100%        2
 Passwall                 Tmut/Erth      0%         N/A       100%        2
 Confusing Touch          Hex            0%         N/A       100%        3
 Mephitic Cloud           Conj/Pois/Air  0%         N/A       100%        3
 Ozocubu's Armour         Ice            0%         N/A       100%        3
 Portal Projectile        Hex/Tloc       0%         N/A       100%        3
 Summon Guardian Golem    Hex/Summ       0%         N/A       100%        3
 Swiftness                Air            0%         N/A       100%        3
 Vampiric Draining        Necr           0%         2d6       100%        3
 Airstrike                Air            0%         N/A       100%        4
 Blade Hands              Tmut           0%         N/A       100%        5
 Excruciating Wounds      Necr           0%         N/A       100%        5
 Manifold Assault         Tloc           0%         N/A       100%        5
 Orb of Destruction       Conj           0%         9d5       100%        7
 Ozocubu's Refrigeration  Ice            0%         4d5       100%        7
 Spellforged Servitor     Conj/Summ      0%         N/A       100%        7
 Storm Form               Tmut/Air       0%         N/A       100%        7


Dungeon Overview and Level Annotations

Branches:
Dungeon (11/15)            Temple (1/1) D:6            Lair (0/6) D:8
Ossuary (visited)          Bailey (visited)           IceCv (1/1)
    Orc: D:9-12

Altars:
Ashenzari
Cheibriados
Dithmenos
Elyvilon
Fedhas
Gozag
Hepliaklqana
Kikubaaqudgha
Makhleb
Nemelex Xobeh
Okawaru
Qazlal
Ru
Sif Muna
Trog
Uskayaw
Vehumet
Wu Jian
Xom
Yredelemnul
Zin
The Shining One

Shops:
D:4 !   D:8 !   D:9 (

Annotations:
D:6 Weird thing behind glass & metal walls
D:10 exclusion: orange crystal statue


Innate Abilities, Weirdness & Mutations

You have a pair of small horns on your head.
You are mostly covered in thin metallic scales. (AC +3)
A demonic guardian rushes to your aid.
You are powered by pain.


Message History

The creatures around you are filled with an inner flame!
Unknown command.
Aiming: Upheaval
Press: ? - help, Dir - move target The ground shakes violently, spewing rubble!
The blast of rubble hits the polar bear simulacrum!!
Qazlal accepts your kill.
The blast of rubble hits the two-headed ogre simulacrum!!!
Qazlal accepts your kill.
The blast of rubble hits the dire elephant simulacrum!!
Flame seeps out of the dire elephant simulacrum.
The dire elephant simulacrum is heavily damaged.
The blast of rubble hits the naga simulacrum!!!
Qazlal accepts your kill.
The blast of rubble hits the freezing wraith but does no damage.
The naga simulacrum explodes!
The fiery explosion engulfs the freezing wraith!
The freezing wraith is burned terribly!
Flame seeps out of the freezing wraith.
The freezing wraith is moderately damaged.
The two-headed ogre simulacrum explodes!
You hear a sizzling sound!
The fiery explosion engulfs the dire elephant simulacrum but does no damage.
The dire elephant simulacrum is heavily damaged.
You hear a sizzling sound! x3
The polar bear simulacrum explodes!
The fiery explosion engulfs you!!
You focus on the pain.
You feel agile all of a sudden.
The fiery explosion engulfs the dire elephant simulacrum!!!
The dire elephant simulacrum melts!
Qazlal accepts your kill.
The fiery explosion engulfs the freezing wraith!!!
The freezing wraith is burned terribly!
Qazlal accepts your kill.
The freezing wraith explodes!
The fiery explosion engulfs you!
The dire elephant simulacrum explodes!
The fiery explosion engulfs you!!!
You feel protected from fire.
Ouch! That really hurt!
You die...

#### ##..######
##....##§§## .
#......@☼§§## Z..
#.∩.∩..§§§§.#..ZZ.
#.....○§##§...#
##....#####..##
##..## ☼## #### °#
.○ ##


There were no monsters in sight!

Vanquished Creatures
  An orc warlord (Bailey)
  A boulder beetle (D:9)
  An ogre mage (D:10)
  A two-headed ogre (D:9)
  A tengu warrior (D:10)
  A skeletal warrior (D:10)
  2 manticores
  2 ugly things
  2 cyclopes
  A gargoyle (D:10)
  2 komodo dragons
  A tengu conjurer (D:10)
  A freezing wraith (IceCv)
  A troll (D:10)
  2 hornets
  A slime creature (D:9)
  Sigmund (D:4)
  A wraith (D:10)
  7 yaks (D:8)
  A dire elephant simulacrum (IceCv)
  3 wyverns (D:9)
  A basilisk (D:10)
  A vampire mosquito (D:10)
  2 death yak simulacra (IceCv)
  2 steam dragons
  8 orc warriors
  4 black bears
  An ice beast (D:8)
  3 ogres
  A boggart (D:10)
  4 centaurs
  4 kobold brigands
  3 bullfrogs
  2 necrophages
  2 two-headed ogre simulacra (IceCv)
  3 scorpions
  A cane toad simulacrum (IceCv)
  10 wights
  2 jellies
  8 killer bees
  4 howler monkeys
  A centaur zombie (Ossuary)
  2 gnoll shamans
  A hound (D:4)
  2 human zombies (Ossuary)
  4 orc priests
  7 orc wizards
  3 iguanas
  3 polar bear simulacra (IceCv)
  2 wolf simulacra (IceCv)
  2 hound zombies (Ossuary)
  3 mummies (Ossuary)
  11 adders
  17 gnolls
  A naga simulacrum (IceCv)
  A shadow imp (D:6)
  15 white imps
  4 ufetubi
  2 dart slugs (D:1)
  56 orcs
  4 endoplasms
  9 giant cockroaches
  12 hobgoblins
  7 jackals
  3 quokkas
  8 ball pythons
  3 bats (D:1)
  6 frilled lizards
  22 goblins
  2 goblin zombies (Ossuary)
  3 hobgoblin zombies (Ossuary)
  4 jackal zombies (Ossuary)
  38 kobolds
  5 kobold zombies (Ossuary)
  2 orc zombies (Ossuary)
  9 quokka zombies (Ossuary)
  5 rats
  5 rat zombies (Ossuary)
  11 fungi (D:8)
  17 plants
412 creatures vanquished.

Notes
Turn   | Place    | Note
-------+----------+-------------------------------------------
     0 | D:1      | jfcaron the Demonspawn Wanderer began the quest for the
                  | Orb.
     0 | D:1      | jfcaron set off with the following items: a +2 short sword,
                  | a potion of attraction, a piece from Xom's chessboard
                  | (15/15), a +0 robe
     0 | D:1      | Reached XP level 1. HP: 13/13 MP: 2/2
   183 | D:1      | Gained mutation: You have a pair of small horns on your
                  | head. [demonic ancestry]
   183 | D:1      | Reached XP level 2. HP: 20/20 MP: 4/4
   280 | D:1      | Reached skill level 1 in Fighting
   284 | D:1      | Reached skill level 3 in Invocations
   354 | D:1      | Reached skill level 1 in Armour
   519 | D:2      | Reached XP level 3. HP: 22/26 MP: 5/5
   894 | D:2      | Gained mutation: A weak demonic guardian rushes to your
                  | aid. [demonic ancestry]
   894 | D:2      | Reached XP level 4. HP: 31/33 MP: 6/6
   898 | D:3      | Noticed a necrophage
   910 | D:3      | Killed a necrophage
   911 | D:3      | Reached skill level 4 in Invocations
  1054 | D:4      | Gained mutation: You are partially covered in thin metallic
                  | scales. (AC +2) [demonic ancestry]
  1054 | D:4      | Reached XP level 5. HP: 39/39 MP: 8/8
  1078 | D:4      | Noticed Sigmund
  1089 | D:4      | Killed Sigmund
  1090 | D:4      | Reached skill level 5 in Invocations
  1090 | D:4      | Gained mutation: You are mostly covered in thin metallic
                  | scales. (AC +3) [demonic ancestry]
  1090 | D:4      | Reached XP level 6. HP: 38/47 MP: 9/9
  1212 | D:4      | Found Koyjimeq's Distillery.
  1220 | D:4      | Identified the +7 trident "Eviscerator" {freeze, rC- Dex+7}
  1458 | D:4      | HP: 9/47 [poisoned by an adder]
  2609 | D:4      | Reached skill level 6 in Invocations
  2728 | D:5      | Entered Level 5 of the Dungeon
  2732 | D:5      | Gained mutation: You sometimes gain a little power by
                  | taking damage. [demonic ancestry]
  2732 | D:5      | Reached XP level 7. HP: 54/54 MP: 11/11
  2824 | D:5      | Found a sand-covered staircase.
  2829 | Ossuary  | Entered an ossuary
  3289 | D:5      | Reached skill level 7 in Invocations
  3304 | D:5      | Reached skill level 5 in Fighting
  3307 | D:5      | HP: 11/56 [poisoned by a scorpion]
  3310 | D:5      | Gained mutation: You sometimes gain power by taking damage.
                  | [demonic ancestry]
  3310 | D:5      | Reached XP level 8. HP: 18/62 MP: 13/13
  3735 | D:5      | Identified the +2 leather armour of the Wilderness {+Blink
                  | rPois Int-2}
  4237 | D:6      | Found a staircase to the Ecumenical Temple.
  4248 | Temple   | Entered the Ecumenical Temple
  4335 | Temple   | Became a worshipper of Qazlal Stormbringer
  4782 | D:4      | Bought a potion of heal wounds for 65 gold pieces
  4803 | D:3      | Reached skill level 5 in Armour
  4928 | D:3      | Reached skill level 1 in Polearms
  5364 | D:3      | Reached * piety under Qazlal
  5700 | D:2      | Found a faded altar of an unknown god.
  6416 | D:2      | Identified the +10 falchion of Cruel Justice {flame, rC++
                  | Will+ Str-2 Stlth+}
  6960 | D:6      | Reached skill level 8 in Invocations
  7033 | D:6      | Found a shadowy altar of Dithmenos.
  7075 | D:6      | Reached skill level 1 in Shields
  7085 | D:6      | Reached skill level 1 in Long Blades
  7962 | D:7      | Gained mutation: You are powered by pain. [demonic
                  | ancestry]
  7962 | D:7      | Reached XP level 9. HP: 67/69 MP: 15/15
  8347 | D:8      | Identified a scroll of acquirement
  8347 | D:8      | Acquired the amulet "Ygedunk" {Acrobat rN++ Dex+4 Slay+3
                  | Stlth-}
  8470 | D:8      | Reached ** piety under Qazlal
  8485 | D:8      | Reached skill level 9 in Invocations
  8561 | D:8      | Noticed a komodo dragon
  8573 | D:8      | Killed a komodo dragon
  8598 | D:8      | Reached skill level 10 in Invocations
  8598 | D:8      | Gained mutation: A demonic guardian rushes to your aid.
                  | [demonic ancestry]
  8598 | D:8      | Reached XP level 10. HP: 41/79 MP: 17/17
  8635 | D:8      | Identified the +2 cloak of Intercession {+Inv Will- Dex+2
                  | Slay+5}
  8666 | D:8      | Found a flagged portal.
  8671 | Bailey   | Entered a bailey
  8724 | Bailey   | Reached *** piety under Qazlal
  8726 | Bailey   | Noticed an orc warlord
  8853 | Bailey   | Found a runed translucent gate.
  8856 | Bailey   | Found a runed translucent gate.
  8858 | Bailey   | Found a runed translucent gate.
  9080 | Bailey   | Killed an orc warlord
  9156 | Bailey   | Reached skill level 15 in Invocations
  9156 | Bailey   | Reached XP level 11. HP: 49/85 MP: 17/22
  9643 | D:8      | Found a staircase to the Lair.
  9830 | D:8      | Found Cohaesum's Distillery.
  9838 | D:8      | Bought a potion of heal wounds for 65 gold pieces
  9838 | D:8      | Bought a potion of lignification for 39 gold pieces
  9838 | D:8      | Bought a potion of cancellation for 104 gold pieces
  9838 | D:8      | Bought a potion of curing for 39 gold pieces
  9838 | D:8      | Bought a potion of curing for 39 gold pieces
  9838 | D:8      | Bought a potion of curing for 39 gold pieces
 10629 | D:9      | Noticed a boulder beetle
 10644 | D:9      | Killed a boulder beetle
 10645 | D:9      | Reached skill level 5 in Long Blades
 10645 | D:9      | Reached skill level 5 in Shields
 10651 | D:9      | Noticed a cyan ugly thing
 10659 | D:9      | Killed a cyan ugly thing
 10660 | D:9      | Reached skill level 16 in Invocations
 10720 | D:9      | Noticed a two-headed ogre
 10725 | D:9      | Killed a two-headed ogre
 10821 | D:9      | Reached **** piety under Qazlal
 10924 | D:9      | Found Yfiwyimy's Antique Weapon Boutique.
 11425 | D:10     | Entered Level 10 of the Dungeon
 11588 | D:10     | Reached XP level 12. HP: 80/94 MP: 24/24
 11884 | D:10     | Reached skill level 5 in Evocations
 12202 | D:10     | Noticed a tengu warrior
 12210 | D:10     | Killed a tengu warrior
 12215 | D:10     | Noticed an ogre mage
 12224 | D:10     | Killed an ogre mage
 12449 | D:10     | Got Neveuj's Incunabulum of Ensnaring Venom
 12996 | D:11     | Found a frozen archway.
 13022 | IceCv    | Entered an ice cave
 13051 | IceCv    | Reached ***** piety under Qazlal
 13067 | IceCv    | Killed by an exploding dire elephant simulacrum... ignited
                  | by their inner flame

Illustrated notes

Levels and vault maps discovered:
D:1:      moated_graveyard_arrival, layout_basic, minmay_tiny_reverse_x
D:2:      layout_basic, hellmonk_ecumenical_altar_arch_garden,
          chequers_mini_garden
D:3:      wander_river, layout_basic, kennysheep_small_spiral, hex_tiny,
          grunt_ministairs_15
D:4:      corexii_shantytown, layout_loops_ring, nicolae_stop_n_shop_2,
          uniq_sigmund
D:5:      layout_cave_pools, enter_ossuary_5
D:6:      cheibrodos_iron_armory, layout_basic, nicolae_dithmenos_shadow_blocks,
          minmay_temple_entry_trees
D:7:      layout_gridville
D:8:      layout_basic, grunt_lair_entry_orc_guard_hut, enter_bailey_3,
          serial_shops, nicolae_shop_trees
D:9:      layout_cave_pods, serial_shops, shop, minmay_bent
D:10:     minmay_the_grid_triangle_9x9_recursive_2_mashed
          [minmay_the_grid_triangle_9x9_prize_schism,
          minmay_the_grid_triangle_9x9_windchime,
          minmay_the_grid_triangle_9x9_odd_lines,
          minmay_the_grid_triangle_9x9_warning], layout_irregular_city,
          serial_column_ruins, column_ruins_columns_corner,
          column_ruins_columns_straight, column_ruins_open_tiny,
          minmay_statue_bubble
D:11:     layout_stronghold, portal_ice_cave_entry_imps
Temple:   mainiacjoe_temple_circle_huts
IceCv:    ice_cave_small_necro

Skill      XL: |  1  2  3  4  5  6  7  8  9 10 11 12 |
---------------+-------------------------------------+-----
Fighting       | 1 2 3 4 5 6 7 8 9 |  9.0
Invocations    | 3 4 5 6 7 8 10 15 16 | 16.6
Armour         | 1 2 3 4 5 6 7 8 |  8.2
Polearms       | 1 |  1.3
Shields        | 2 3 4 5 6 |  6.2
Long Blades    | 2 3 4 5 6 |  6.1
Evocations     | 4 5 |  5.0
Short Blades   | |  3.6
Throwing       | |  1.0

Action                   |  1- 3 |  4- 6 |  7- 9 | 10-12 || total
-------------------------+-------+-------+-------+-------++-------
Melee: Short sword       |    52 |    22 |       |       ||    74
       Headbutt          |     5 |    15 |    58 |    53 ||   131
       Trident           |       |   100 |   231 |       ||   331
       Punch             |       |       |     3 |       ||     3
       Falchion          |       |       |   127 |   248 ||   375
 Fire: Hunting sling     |    37 |    16 |       |       ||    53
Throw: Stone             |     5 |    38 |     4 |       ||    47
       Dart              |       |       |     7 |     8 ||    15
       Boomerang         |       |       |     1 |    12 ||    13
Invok: Upheaval          |       |       |     2 |     7 ||     9
Evoke: Piece from Xom's  |     5 |     2 |       |       ||     7
       Wand              |       |       |     3 |     3 ||     6
  Use: Scroll            |       |     7 |    10 |     4 ||    21
       Potion            |       |       |     1 |     5 ||     6
 Stab: Paralysed         |       |     6 |       |       ||     6
       Distracted        |       |       |     1 |       ||     1
Armor: Scale mail        |    21 |       |       |       ||    21
       Chain mail        |    22 |    68 |   198 |   132 ||   420
Dodge: Dodged            |    32 |    15 |    62 |    20 ||   129
       Repelled          |       |       |       |     2 ||     2
Block: Kite shield       |       |       |    57 |    40 ||    97
       Tower shield      |       |       |       |   260 ||   260

Table legend: (Time is in decaauts)
 A = Elapsed time spent in this place.
 B = Non-inter-level travel time spent in this place.
 C = Inter-level travel time spent in this place.
 D = Time resting spent in this place.
 E = Time spent auto-exploring this place.
 F = Levels seen in this place.
 G = Mean time per level.
                   A        B        C        D        E       F      G
               +--------+--------+--------+--------+--------+-----+--------+
         Total |  13338 |  12875 |    463 |   2151 |   7811 |  15 |  889.2 |
       Dungeon |  11764 |  11309 |    455 |   1866 |   6981 |  11 | 1069.5 |
        Temple |    342 |    334 |      8 |      0 |    309 |   1 |  342.0 |
       Ossuary |    389 |    389 |      0 |      0 |    236 |   1 |  389.0 |
        Bailey |    790 |    790 |      0 |    274 |    284 |   1 |  790.0 |
      Ice Cave |     51 |     51 |      0 |     11 |      0 |   1 |   51.0 |
               +--------+--------+--------+--------+--------+-----+--------+

Top non-repeatable levels by time:
     D:4: 1720 daAuts
    D:10: 1452 daAuts
     D:9: 1400 daAuts
     D:6: 1272 daAuts
     D:2: 1189 daAuts
     D:3: 1080 daAuts
     D:8: 957 daAuts
     D:1: 934 daAuts
     D:5: 793 daAuts
  Bailey: 790 daAuts
     D:7: 778 daAuts
 Ossuary: 389 daAuts
  Temple: 342 daAuts
    D:11: 183 daAuts
   IceCv: 51 daAuts
